 Dungeon Crawl Stone Soup version 0.25.1-2-g60ff931df9 (webtiles) character file.

Game seed: 9091057013557122686

13381 Johnny the Geomancer (level 11, -3/123 HPs)
             Began as a Demigod Earth Elementalist on Oct 9, 2020.
             Slain by a quicksilver dragon (shapeshifter) (6 damage)
             ... on level 10 of the Dungeon.
             The game lasted 00:11:28 (13226 turns).

Johnny the Geomancer (Demigod Earth Elementalist)  Turns: 13226, Time: 00:11:29

Health: -3/123     AC: 29    Str: 11    XL:     11   Next: 46%
Magic:  4/28       EV:  2    Int: 31    God:
Gold:   888        SH:  0    Dex: 18    Spells: 15/28 levels left

rFire    + . .     SeeInvis .   x - +2 flail of Stained Punishment {drain, rElec rPois rF+ Dex+2}
rCold    . . .     Gourm    .   (no shield)
rNeg     + + +     Faith    .   (armour currently unavailable)
rPois    +         Spirit   .   (helmet currently unavailable)
rElec    +         Reflect  .   (cloak currently unavailable)
rCorr    .         Harm     .   (gloves currently unavailable)
MR       +....     NoTele   +   (boots currently unavailable)
Stlth    ++........             (no amulet)
HPRegen  0.30/turn              L - +4 ring of protection
MPRegen  0.21/turn              G - +6 ring of intelligence

@: tree-form (expiring)
A: high mp 1
a: no special abilities


You were on level 10 of the Dungeon.
You were full.
You were a tree.
You visited 2 branches of the dungeon, and saw 11 of its levels.
You also visited: Bailey.

You collected 1064 gold pieces.
You spent 176 gold pieces at shops.

Inventory:

Hand Weapons
 f - a +0 dagger
 x - the +2 flail of Stained Punishment (weapon) {drain, rElec rPois rF+ Dex+2}
   (You took it off an orc on level 4 of the Dungeon)

   A truly terrible weapon, it drains the life of those it strikes.
   It affects your dexterity (+2).
   It protects you from fire.
   It insulates you from electricity.
   It protects you from poison.
Missiles
 b - 110 stones (quivered)
Armour
 a - a scarf of harm (melded)
 o - a +1 hat
 p - a +0 pair of boots (melded)
 B - a +1 robe of magic resistance (melded)
 N - the cursed -6 cloak "Laat" {rF+ rN+ Slay-6}
   (You found it on level 8 of the Dungeon)

   It affects your accuracy and damage with ranged weapons and melee attacks
   (-6).
   It protects you from fire.
   It protects you from negative energy.
   It has a curse placed upon it.
 P - a +2 helmet (melded)
Jewellery
 z - an uncursed ring of protection from magic
 D - an uncursed ring of resist corrosion
 G - a +6 ring of intelligence (right branch)
 L - a +4 ring of protection (left branch)
Wands
 r - a wand of paralysis (11)
 E - a wand of random effects (14)
 H - a wand of flame (9)
 J - a wand of polymorph (9)
 K - a wand of disintegration (10)
Scrolls
 e - 3 scrolls of teleportation
 h - 5 scrolls of remove curse
 k - 4 scrolls of fog
 l - 4 scrolls of enchant weapon
 n - 4 scrolls of enchant armour
 t - 2 scrolls of immolation
 y - 2 scrolls of magic mapping
 A - 2 scrolls of noise {unknown}
 C - a scroll of fear {unknown}
 I - 5 scrolls of amnesia {unknown}
 M - 2 scrolls of acquirement {unknown}
 O - 3 scrolls of vulnerability {unknown}
 Q - a scroll of identify
Potions
 c - a potion of haste {unknown}
 g - a potion of cancellation {unknown}
 i - 5 potions of curing
 j - 2 potions of degeneration {unknown}
 m - a potion of stabbing {unknown}
 q - 2 potions of lignification
 s - a potion of flight {unknown}
 u - 3 potions of heal wounds {unknown}
 w - a potion of brilliance {unknown}
 F - a potion of might {unknown}
Comestibles
 d - 26 rations
 v - a chunk of flesh


   Skills:
 + Level 3.1 Fighting
 - Level 1.7 Dodging
 - Level 1.7 Stealth
 + Level 9.3 Spellcasting
 - Level 0.8 Transmutations
 * Level 13.8 Earth Magic


You had 15 spell levels left.
You knew the following spells:

 Your Spells              Type           Power        Failure   Level  Hunger
a - Sandblast             Erth           ######       0%          1    None
b - Stone Arrow           Conj/Erth      ######       1%          3    None
c - Lee's Rapid Deconstr  Erth           #######...   1%          5    ###....
d - Petrify               Tmut/Erth      ######..     1%          4    None

Your spell library contained the following spells:

 Spells                   Type           Power        Failure   Level  Hunger
 Passwall                 Tmut/Erth      ######..     1%          2    None
 Leda's Liquefaction      Hex/Erth       ######....   1%          4    None
 Animate Skeleton         Necr           N/A          3%          1    None
 Corona                   Hex            ##.....      3%          1    None
 Infusion                 Chrm           ##..         3%          1    None
 Pain                     Necr           ##..         3%          1    None
 Summon Small Mammal      Summ           ##..         3%          1    None
 Call Imp                 Summ           ##......     5%          2    None
 Shroud of Golubria       Chrm/Tloc      ##....       5%          2    None
 Slow                     Hex            ##......     5%          2    None
 Song of Slaying          Chrm           ##......     5%          2    None
 Call Canine Familiar     Summ           ##......     11%         3    None
 Inner Flame              Hex/Fire       ##......     11%         3    None
 Ozocubu's Armour         Chrm/Ice       ##......     11%         3    None
 Portal Projectile        Hex/Tloc       ##....       11%         3    None
 Spectral Weapon          Hex/Chrm       ##......     11%         3    None
 Summon Guardian Golem    Hex/Summ       ##......     11%         3    None
 Vampiric Draining        Necr           ##........   11%         3    None
 Animate Dead             Necr           N/A          34%         4    None
 Cause Fear               Hex            ##........   34%         4    None
 Summon Ice Beast         Ice/Summ       ##......     34%         4    None
 Summon Lightning Spire   Summ/Air       ##......     34%         4    None
 Agony                    Necr           ##......     67%         5    ###....


Dungeon Overview and Level Annotations

Branches:
Dungeon (10/15)            Temple (1/1) D:5          Bailey (visited)
   Lair: D:8-11         Orc: D:9-12

Shops:
D:5 *

Annotations:
D:4 2 transporters, Alannah's ghost, amateur DrWn


Innate Abilities, Weirdness & Mutations

You have an increased reservoir of magic. (+10% MP)


Message History

* * * LOW HITPOINT WARNING * * *
The quicksilver dragon claws you but does no damage.
Unknown command.
Unknown command.
Unknown command.
Casting: Lee's Rapid Deconstruction (mildly dangerous; 1% risk of failure)
Confirm with . or Enter, or press ? or * to list all spells.
You don't have enough magic to cast that spell.
Throwing (i - inventory)
b - 111 stones (quivered)
Press: ? - help, Shift-Dir - straight line, f - quicksilver dragon
Aim: a quicksilver dragon (severely wounded)
You throw a stone.
The stone hits the quicksilver dragon but does no damage.
The quicksilver dragon is severely wounded.
The quicksilver dragon breathes dispelling energy at you.
The bolt of dispelling energy hits you!!
Your magical effects are unravelling.
* * * LOW HITPOINT WARNING * * *
The quicksilver dragon bites you.
You die...

#..........# ##..............
#..........# ##..#######......
##..........####..##.....##.....
#................##..#.#..##....
#.#.......########.........#####
##.#.......###...#...........#...
#..#.....#.#..#..#...._÷_..#.##..
#.####.###.###[##......#.........
..# ### #.#..#D♣#...._._..#.#.#.
.## ##.#...###...........#... (##
##..###.####.........#####
..######..##...).###..#.#..##
.....#...##..###..###.....##
###>....##.....#...######## #
####..#..##.......#
##.#e##........# #.#......O....#


You could see a quicksilver dragon (catching breath).

Vanquished Creatures
  4 two-headed ogres
  A deep elf knight (Bailey)
  9 deep elf magi (Bailey)
  A gargoyle (D:10)
  A komodo dragon (D:10)
  A troll (D:10)
  A hippogriff (D:8)
  A wyvern (D:9)
  A wraith (D:10)
  A spriggan (D:8)
  A water moccasin (D:10)
  2 orc warriors
  7 sky beasts
  2 black bears
  2 ice beasts
  A hornet zombie (D:5)
  4 phantoms
  2 necrophages
  An ogre (D:10)
  5 centaurs
  A big kobold (D:10)
  Blork the orc (D:6)
  A gnoll sergeant (D:8)
  5 bullfrogs
  A water moccasin zombie (D:9)
  2 wyvern skeletons
  A water moccasin skeleton (D:4)
  2 scorpions
  4 killer bees (D:10)
  6 wights
  3 howler monkeys
  6 crimson imps
  2 bullfrog skeletons
  A bullfrog zombie (D:5)
  5 orc priests
  3 hounds
  4 jellies
  2 centaur skeletons
  An iguana (D:9)
  9 orc wizards
  7 worker ants
  A hound zombie (D:5)
  2 hound skeletons
  2 worker ant zombies
  9 gnolls (D:8)
  6 adders
  2 shadow imps (D:5)
  3 adder zombies
  An adder skeleton (D:7)
  4 worms
  2 dart slugs
  6 leopard geckos
  33 orcs
  7 bats
  5 giant cockroaches
  8 goblins
  8 hobgoblins
  14 jackals
  9 kobolds
  4 quokkas
  3 ball pythons
  4 frilled lizards
  A giant cockroach zombie (D:6)
  A jackal skeleton (D:5)
  2 quokka skeletons
  8 rats
260 creatures vanquished.

Notes
Turn   | Place    | Note
-------+----------+-------------------------------------------
     0 | D:1      | Johnny the Demigod Earth Elementalist began the quest for
                  | the Orb.
     0 | D:1      | Reached XP level 1. HP: 14/14 MP: 5/5
   214 | D:1      | Reached skill level 3 in Earth Magic
   272 | D:1      | Reached XP level 2. HP: 12/20 MP: 1/7
   649 | D:1      | You fall into a shaft and drop 1 floor!
  1245 | D:1      | Reached XP level 3. HP: 24/26 MP: 9/9
  1555 | D:2      | Reached skill level 4 in Earth Magic
  1817 | D:2      | Found a shimmering blue altar of Sif Muna.
  1994 | D:2      | Found a snail-covered altar of Cheibriados.
  2158 | D:3      | Reached XP level 4. HP: 32/33 MP: 7/10
  2655 | D:3      | Learned a level 3 spell: Stone Arrow
  2693 | D:3      | Found a hide-covered altar of Uskayaw.
  2696 | D:3      | Noticed a +0 dagger
  2697 | D:3      | Noticed a +0 dagger
  3087 | D:4      | Found a transporter.
  3090 | D:4      | Noticed Alannah's ghost (amateur DrWn)
  3091 | D:4      | Found a transporter.
  3141 | D:4      | Reached XP level 5. HP: 29/38 MP: 8/12
  3331 | D:4      | Found a bloodstained altar of Trog.
  3352 | D:4      | Found a glowing silver altar of Zin.
  3477 | D:4      | Reached skill level 5 in Earth Magic
  3557 | D:4      | Identified the cursed +2 flail of Stained Punishment
                  | {drain, rElec rPois rF+ Dex+2}
  3910 | D:4      | Reached XP level 6. HP: 6/45 MP: 11/14
  4436 | D:5      | Entered Level 5 of the Dungeon
  4519 | D:5      | Found a staircase to the Ecumenical Temple.
  4550 | Temple   | Entered the Ecumenical Temple
  4738 | D:5      | Reached skill level 6 in Earth Magic
  5104 | D:5      | Found Apriynaf's General Store.
  5123 | D:5      | Reached XP level 7. HP: 50/50 MP: 14/16
  5183 | D:5      | Bought 21 stones for 29 gold pieces
  5183 | D:5      | Bought a scroll of blinking for 105 gold pieces
  5183 | D:5      | Bought a scroll of teleportation for 42 gold pieces
  5371 | D:5      | Reached skill level 7 in Earth Magic
  5402 | D:5      | Learned a level 5 spell: Lee's Rapid Deconstruction
  6077 | D:6      | Found a glowing silver altar of Zin.
  6457 | D:6      | Reached skill level 5 in Spellcasting
  6457 | D:6      | Reached XP level 8. HP: 31/57 MP: 16/19
  6571 | D:6      | Reached skill level 8 in Earth Magic
  6851 | D:6      | Noticed Blork the orc
  6855 | D:6      | Killed Blork the orc
  7164 | D:7      | Reached skill level 9 in Earth Magic
  7863 | D:7      | Found an opulent altar of Gozag.
  8427 | D:8      | Reached XP level 9. HP: 55/62 MP: 14/22
  8761 | D:8      | Reached skill level 10 in Earth Magic
  8814 | D:8      | Found a shimmering altar of Xom.
  8822 | D:8      | Found a shadowy altar of Dithmenos.
  8844 | D:8      | Found a basalt altar of Yredelemnul.
  8844 | D:8      | Found a sparkling altar of Nemelex Xobeh.
  8849 | D:8      | Found an iron altar of Okawaru.
  9487 | D:8      | Found a radiant altar of Vehumet.
  9546 | D:8      | Learned a level 4 spell: Petrify
  9619 | D:8      | Got a shimmering cloak
  9732 | D:9      | Noticed a two-headed ogre
  9735 | D:9      | Killed a two-headed ogre
  9735 | D:9      | Reached skill level 11 in Earth Magic
 10216 | D:9      | Found a flagged portal.
 10227 | Bailey   | Entered a bailey
 10242 | Bailey   | Noticed a deep elf mage
 10246 | Bailey   | Killed a deep elf mage
 10246 | Bailey   | Reached XP level 10. HP: 69/69 MP: 21/25
 10275 | Bailey   | Noticed a deep elf mage
 10276 | Bailey   | Noticed a deep elf mage
 10276 | Bailey   | Noticed a deep elf mage
 10276 | Bailey   | Noticed a deep elf mage
 10276 | Bailey   | Noticed a deep elf mage
 10276 | Bailey   | Noticed a deep elf mage
 10280 | Bailey   | Killed a deep elf mage
 10280 | Bailey   | Killed a deep elf mage
 10280 | Bailey   | Killed a deep elf mage
 10280 | Bailey   | Reached skill level 12 in Earth Magic
 10283 | Bailey   | Killed a deep elf mage
 10285 | Bailey   | Killed a deep elf mage
 10289 | Bailey   | Killed a deep elf mage
 10507 | Bailey   | Noticed a deep elf knight
 10511 | Bailey   | Killed a deep elf knight
 10589 | Bailey   | Noticed a deep elf mage
 10589 | Bailey   | Noticed a deep elf mage
 10594 | Bailey   | Killed a deep elf mage
 10598 | Bailey   | Killed a deep elf mage
 10985 | D:9      | Reached skill level 13 in Earth Magic
 11462 | D:10     | Entered Level 10 of the Dungeon
 11475 | D:10     | Reached XP level 11. HP: 39/74 MP: 13/28
 11867 | D:10     | Noticed a two-headed ogre
 11878 | D:10     | Killed a two-headed ogre
 11878 | D:10     | Reached skill level 1 in Fighting
 12085 | D:10     | Identified the cursed -6 cloak "Laat" {rF+ rN+ Slay-6} (You
                  | found it on level 8 of the Dungeon)
 12143 | D:10     | Found a snail-covered altar of Cheibriados.
 12143 | D:10     | Found a blossoming altar of Fedhas.
 12158 | D:10     | Found a radiant altar of Vehumet.
 12158 | D:10     | Found a white marble altar of Elyvilon.
 12920 | D:10     | Noticed a two-headed ogre
 12921 | D:10     | Noticed a dire elephant
 12922 | D:10     | Noticed a two-headed ogre
 12939 | D:10     | Killed a two-headed ogre
 12941 | D:10     | Noticed a stone giant
 12942 | D:10     | Killed a two-headed ogre
 13218 | D:10     | Noticed a quicksilver dragon
 13221 | D:10     | Identified the +7 hand axe of the Vendetta {freeze, rC+ MR+
                  | MP+9 Str+4}
 13221 | D:10     | Noticed a deep elf mage
 13226 | D:10     | HP: 3/123 [quicksilver dragon (shapeshifter)/bolt of
                  | dispelling energy (21)]
 13226 | D:10     | Slain by a quicksilver dragon (shapeshifter)

Illustrated notes

Levels and vault maps discovered:
D:1:      minmay_arrival_jagged, layout_basic
D:2:      layout_loops_ring, lemuel_coloured_pillars_altar, cheibriados_altar_1,
          minmay_misc_feat_columns
D:3:      layout_loops_ring, dancing_weapons_uskayaw
D:4:      layout_loops_ring, kennysheep_little_box, lightli_temple_of_fire,
          gammafunk_ghost_arena
D:5:      minmay_polygon_palace, layout_basic, minmay_temple_entry_glass,
          first_ration, serial_shops, shop, minmay_misc_feat_secret_circle
D:6:      layout_basic, basic_altar, uniq_blork_the_orc
D:7:      layout_loops_ring, kennysheep_mini
D:8:      layout_gridville, fiery_altar_vehumet, minitemple, the_bakery
D:9:      layout_basic, enter_bailey_3
D:10:     minmay_the_grid_octo_tiled_squarecenter
          [minmay_the_grid_octo_tetromino_candy, minmay_the_grid_octo_clover_2,
          minmay_the_grid_octo_horde, minmay_the_grid_octo_shrine,
          minmay_the_grid_square_5x5_megaprize_open,
          minmay_the_grid_square_5x5_v, minmay_the_grid_square_5x5_three,
          minmay_the_grid_square_5x5_doubleslash,
          minmay_the_grid_square_5x5_mess], layout_cave_pods
Temple:   cyrus_temple_forest

Skill      XL: |  1  2  3  4  5  6  7  8  9 10 11 |
---------------+----------------------------------+-----
Earth Magic    | 3 4 5 6 7 9 11 13 | 13.8
Spellcasting   | 2 3 4 5 6 7 8 9 |  9.3
Fighting       | 3 |  3.1
Dodging        | |  1.7
Stealth        | |  1.7
Transmutations | |  0.8

Action                   |  1- 3 |  4- 6 |  7- 9 | 10-12 || total
-------------------------+-------+-------+-------+-------++-------
Melee: Unarmed           |    14 |       |       |       ||    14
       Dagger            |    81 |    37 |       |       ||   118
       Flail             |       |    37 |   184 |    36 ||   257
Throw: Stone             |       |       |       |     1 ||     1
 Cast: Sandblast         |    21 |    37 |    86 |    54 ||   198
       Stone Arrow       |       |     5 |    27 |    18 ||    50
       Lee's Rapid Decon |       |       |     3 |    26 ||    29
  Use: Scroll            |       |     6 |     1 |     7 ||    14
       Potion            |       |       |       |     2 ||     2
 Stab: Sleeping          |    10 |     7 |     7 |       ||    24
  Eat: Chunk             |     4 |     9 |    18 |     3 ||    34
       Ration            |       |       |       |     4 ||     4
Armor: Robe              |    17 |    20 |    69 |    21 ||   127
       Skin              |       |       |       |     1 ||     1
Dodge: Dodged            |    74 |    67 |   160 |    57 ||   358
